 Dungeon Crawl Stone Soup version 0.29.0-4-gdea44cf6ec (webtiles) character file.

Game seed: 10708568764668501438

107 qw the Chopper (level 4, -1/39 HPs)
             Began as a Minotaur Fighter on Sept 5, 2022.
             Constricted to death by Natasha (3 damage)
             ... on level 2 of the Dungeon.
             The game lasted 00:00:49 (1799 turns).

qw the Chopper (Minotaur Fighter)                   Turns: 1799, Time: 00:00:50

Health: -1/39      AC:  6    Str: 23    XL:     4   Next: 56%
Magic:  3/3        EV:  7    Int:  5    God:
Gold:   133        SH:  4    Dex:  9    Spells: 3/3 levels left

rFire   . . .      SeeInvis .   Y - +2 war axe
rCold   . . .      Faith    .   c - +0 buckler
rNeg    . . .      Spirit   .   b - +0 scale mail
rPois   .          Reflect  .   (helmet restricted)
rElec   .          Harm     .   (no cloak)
rCorr   .          Rampage  .   (no gloves)
Will    .....                   (no boots)
Stlth   ..........              (no amulet)
HPRegen 0.13/turn               (no ring)
MPRegen 0.08/turn               (no ring)

@: grasped by roots, constricted
A: horns 2, retaliatory headbutt
a: no special abilities


You were on level 2 of the Dungeon.
You visited 1 branch of the dungeon, and saw 2 of its levels.

You collected 133 gold pieces.


Innate Abilities, Weirdness & Mutations

You have a pair of horns on your head.
You reflexively headbutt those who attack you in melee.


   Skills:
 - Level 3.6 Fighting
 + Level 5.3 Axes
 - Level 3.6 Armour
 - Level 1.8 Dodging
 - Level 3.6 Shields


You had 3 spell levels left.
You didn't know any spells.
Your spell library was empty.

Inventory:

Hand Weapons
 i - a +0 mace
 Y - a +2 war axe (weapon)
Armour
 b - a +0 scale mail (worn)
 c - a +0 buckler (worn)
Scrolls
 a - 2 scrolls of identify
 h - a scroll of amnesia {unknown}
Potions
 d - a potion of might
 e - a potion of haste
 f - a potion of heal wounds {unknown}
 g - a potion of lignification

Dungeon Overview and Level Annotations

Branches:
Dungeon (2/15)

Altars:

Annotations:
D:1 2 runed translucent doors
D:2 Natasha


Message History

1788 ||| Stepping ~*~*~tactically~*~*~ (hiding).
You hit the hobgoblin but do no damage.
The hobgoblin hits you but does no damage. x2
You hit the hobgoblin. You headbutt the hobgoblin.
You kill the hobgoblin!
Natasha casts a spell at you. You resist with some effort.
You block Natasha's attack.
You barely miss Natasha.
Natasha zaps a wand.
The roots erupt in riotous growth!
The grasping roots grab you!
Natasha is unaffected.
The grasping roots constrict you.
You barely miss Natasha. Natasha claws you. The grasping roots constrict you!
The grasping roots release their grip on you.
You barely miss Natasha. You headbutt Natasha.
Natasha is lightly wounded.
Natasha claws you.
You barely miss Natasha. Your headbutt misses Natasha.
Natasha is lightly wounded.
Natasha howls an incantation.
Natasha glows brightly for a moment.
You block Natasha's attack. Natasha closely misses you.
You hit Natasha.
Natasha is moderately wounded.
Natasha claws you but does no damage.
You completely miss Natasha.
Natasha is moderately wounded.
Natasha claws you.
You miss Natasha.
Natasha is moderately wounded.
Natasha zaps a wand.
The roots erupt in riotous growth!
The grasping roots grab you!
Natasha is unaffected.
The grasping roots constrict you.
You slash Natasha!
Natasha is almost dead.
Natasha mumbles some strange words.
The grasping roots constrict you. Natasha claws you!
The grasping roots constrict you.
You die...

########### #.........#
#.........# ####### ##
#.........# ....... .##
#.........# ....... ..#
##.........# .......
.>######)......5..##.......
...#.......................
.....####.......@h##%......
<....# #.......?.# .....h.
####.# ####..##### .......
#.# ##### ..<.... #.. ##.##
....... ####... ##.#.##
.##.### ...###.##.#.#.## .#
.# ....# ##.#.#.#.##
###..##.#.###.#.##


You could see Natasha and a crimson imp (summoned).

Vanquished Creatures
  Terence (D:2)
  Robin (D:2)
  A dart slug (D:1)
  8 ball pythons
  7 endoplasms
  3 giant cockroaches
  16 goblins
  8 hobgoblins
  2 jackals (D:1)
  3 kobolds
  4 bats
  A frilled lizard (D:2)
  4 rats
59 creatures vanquished.

Notes
Turn   | Place    | Note
-------+----------+-------------------------------------------
     0 | D:1      | qw the Minotaur Fighter began the quest for the Orb.
     0 | D:1      | Reached XP level 1. HP: 19/19 MP: 0/0
     0 | D:1      | 0 ||| qw: Version: 0.1-a-104-g96f76f8
     0 | D:1      | 0 ||| qw: Game counter: 5995
     0 | D:1      | 0 ||| qw: Always use a shield: true
     0 | D:1      | 0 ||| qw: God list: Ru
     0 | D:1      | 0 ||| qw: Allow faded altars: false
     0 | D:1      | 0 ||| qw: Do Orc after D:15 true
     0 | D:1      | 0 ||| qw: Do second Lair branch before Depths: true
     0 | D:1      | 0 ||| qw: Lair rune preference: random
     0 | D:1      | 0 ||| qw: Plans: Normal
     0 | D:1      | 0 ||| PLANNING D:1-11
    12 | D:1      | 12 ||| Stepping ~*~*~tactically~*~*~ (stealth).
    45 | D:1      | Reached skill level 3 in Axes
    58 | D:1      | Found a large runed translucent door.
    58 | D:1      | Found a large runed translucent door.
    63 | D:1      | Reached XP level 2. HP: 26/26 MP: 1/1
    65 | D:1      | Noticed a troll
   248 | D:1      | 248 ||| Stepping ~*~*~tactically~*~*~ (stealth).
   249 | D:1      | 249 ||| Stepping ~*~*~tactically~*~*~ (stealth).
   250 | D:1      | 250 ||| Stepping ~*~*~tactically~*~*~ (stealth).
   331 | D:1      | 331 ||| DROPPING +0 club.
   386 | D:1      | Reached skill level 4 in Axes
   526 | D:1      | Reached XP level 3. HP: 27/31 MP: 2/2
   869 | D:1      | 869 ||| READING 3 scrolls labelled TIJORRO SEDAOK.
   870 | D:1      | 870 ||| READING scroll labelled DIWNEO ALINEON.
   871 | D:1      | 871 ||| READING scroll labelled QYUKA LEQIBOF.
   872 | D:1      | 872 ||| READING 2 scrolls of identify.
   872 | D:1      | 872 ||| IDENTIFYING viscous black potion
   873 | D:1      | 873 ||| DROPPING potion of flight.
   947 | D:2      | 947 ||| READING scroll of enchant weapon.
   947 | D:2      | 947 ||| ENCHANTING +1 war axe.
  1000 | D:2      | 1000 ||| Stepping ~*~*~tactically~*~*~ (stealth).
  1074 | D:2      | 1074 ||| READING scroll labelled EQOINN ZOCKUA.
  1236 | D:2      | 1236 ||| Stepping ~*~*~tactically~*~*~ (stealth).
  1270 | D:2      | 1270 ||| DRINKING 2 orange potions.
  1351 | D:2      | Noticed Terence
  1351 | D:2      | Identified the +2 helmet of Wrong Decisions {rF+ Regen+
                  | Str-2}
  1351 | D:2      | Noticed Robin
  1354 | D:2      | Reached skill level 5 in Axes
  1357 | D:2      | Killed Terence
  1358 | D:2      | Reached skill level 1 in Dodging
  1358 | D:2      | Reached XP level 4. HP: 14/39 MP: 3/3
  1363 | D:2      | Killed Robin
  1364 | D:2      | HP: 5/39 [hobgoblin[Robin] (6)]
  1783 | D:2      | Noticed Natasha
  1784 | D:2      | 1784 ||| FLEEEEING.
  1785 | D:2      | 1785 ||| FLEEEEING.
  1786 | D:2      | 1786 ||| FLEEEEING.
  1787 | D:2      | 1787 ||| Stepping ~*~*~tactically~*~*~ (hiding).
  1788 | D:2      | 1788 ||| Stepping ~*~*~tactically~*~*~ (hiding).
  1799 | D:2      | HP: 2/39 [Natasha (8)]
  1799 | D:2      | Constricted to death by Natasha

Levels and vault maps discovered:
D:1:      erik_arrival_cave_to_civilisation [erik_arrival_cave_to_temple],
          layout_rooms
D:2:      minmay_inner_zag, layout_rooms, minmay_circled_x, uniq_terence,
          uniq_natasha, uniq_robin

Skill      XL: |  1  2  3 |
---------------+----------+-----
Axes           | 3 4 5 |  5.3
Dodging        | 1 |  1.8
Fighting       | |  3.6
Armour         | |  3.6
Shields        | |  3.6

Action                   |  1- 3 |  4- 6 || total
-------------------------+-------+-------++-------
Melee: War axe           |    73 |    24 ||    97
       Headbutt          |    11 |     5 ||    16
  Use: Scroll            |     6 |       ||     6
       Potion            |     1 |       ||     1
Armor: Scale mail        |    24 |     6 ||    30
       Skin              |     2 |       ||     2
Dodge: Dodged            |    25 |    10 ||    35
Block: Buckler           |    10 |     2 ||    12

Table legend:
 A = Non-vault XP
 B = Vault XP
 C = Vault XP percentage of total XP
 D = Non-vault monster count
 E = Vault monster count
 F = Vault count percentage of total count
                 A         B        C        D         E       F
            +---------+---------+-------+---------+---------+-------
      Total |      62 |      91 |  59.5 |      34 |      25 |  42.4
            +---------+---------+-------+---------+---------+-------
        D:1 |      52 |       4 |   7.1 |      28 |       2 |   6.7
        D:2 |      10 |      87 |  89.7 |       6 |      23 |  79.3
            +---------+---------+-------+---------+---------+-------
